 Dungeon Crawl Stone Soup version 0.22.1-1-ga44c0e56f4 (webtiles) character file.

93 Riddle the Skirmisher (level 4, -1/38 HPs)
             Began as a Formicid Monk on Oct 7, 2018.
             Killed from afar by Natasha (8 damage)
             ... with a magic dart
             ... on level 3 of the Dungeon.
             The game lasted 00:03:08 (1597 turns).

Riddle the Skirmisher (Formicid Monk)               Turns: 1597, Time: 00:03:09

Health: -1/38      AC:  5    Str: 16    XL:     4   Next: 92%
Magic:  4/4        EV: 11    Int: 10    God:
Gold:   166        SH:  0    Dex: 13    Spells: 3/3 levels left

rFire    . . .     SeeInvis +   m - +1 long sword (holy)
rCold    . . .     Gourm    .   (no shield)
rNeg     . . .     Faith    .   f - +0 ring mail
rPois    .         Spirit   .   (helmet unavailable)
rElec    .         Reflect  .   (no cloak)
rCorr    .         Harm     .   (no gloves)
MR       .....                  (no boots)
Stlth    +.........             (no amulet)
HPRegen  0.12/turn              (no ring)
MPRegen  0.09/turn              (no ring)

@: no status effects
A: permanent stasis, dig shafts and tunnels, four strong arms, antennae 3
a: Dig, Shaft Self


You were on level 3 of the Dungeon.
You were hungry.

You visited 1 branch of the dungeon, and saw 3 of its levels.

You collected 166 gold pieces.

Inventory:

Hand Weapons
 m - a +1 long sword of holy wrath (weapon)
Armour
 f - a +0 ring mail (worn)
Scrolls
 a - 2 scrolls of amnesia {unknown}
 d - 4 scrolls of enchant armour {unknown}
 e - a scroll of teleportation {unknown}
 g - a scroll of fog {unknown}
 l - a scroll of magic mapping {unknown}
Potions
 b - 2 potions of curing {unknown}
 h - 2 potions of haste {unknown}
 i - 2 potions of flight {unknown}
 k - a potion of heal wounds {unknown}
 n - a potion of lignification {unknown}
Comestibles
 c - 3 rations
 j - a chunk of flesh


   Skills:
 + Level 4.7 Fighting
 - Level 3.0 Long Blades
 + Level 3.0 Armour
 - Level 2.6 Dodging
 - Level 2.4 Stealth


You had 3 spell levels left.
You didn't know any spells.
Your spell library was empty.

Dungeon Overview and Level Annotations

Branches:
Dungeon (3/15)

Altars:
Gozag
Qazlal

Annotations:
D:3 Grinder, Jessica, Natasha


Innate Abilities, Weirdness & Mutations

You cannot be hasted, slowed, berserked, paralysed or teleported.
You can dig through walls and to a lower floor.
Your four strong arms can wield two-handed weapons with a shield.
You have a pair of large antennae on your head. (SInv)


Message History

You extend your mandibles.
You dig through the rock wall.
Jessica looks very angry.
Natasha barely misses you.
You dig through the rock wall.
You dig through the rock wall.
You are feeling hungry.
Natasha completely misses you.
You riposte.
You barely miss Natasha.
You are too injured to fight recklessly!
You retract your mandibles.
You closely miss Natasha. Natasha claws you but does no damage.
You barely miss Natasha. Natasha claws you.
You closely miss Natasha. Natasha claws you.
* * * LOW HITPOINT WARNING * * *
You closely miss Natasha. Natasha claws you.
* * * LOW HITPOINT WARNING * * *
You barely miss Natasha.
Natasha stares at you and mumbles some strange words.
The magic dart hits you!
You die...

### #@## # ##h# { ..#
################{###....#
..............).{{.......
#######.........{.....w..
#........#####....#
#.......[# @...
#........# ... #.########
..


You could see Natasha.

Vanquished Creatures
  An adder (D:2)
  An ooze (D:2)
  3 worms
  3 dart slugs
  3 leopard geckos
  3 orcs (D:3)
  6 giant cockroaches
  7 goblins
  3 hobgoblins
  4 jackals (D:2)
  A quokka (D:2)
  4 bats
  3 frilled lizards
  10 kobolds
  7 rats
59 creatures vanquished.

Notes
Turn   | Place    | Note
-------+----------+-------------------------------------------
     0 | D:1      | Riddle the Formicid Monk began the quest for the Orb.
     0 | D:1      | Reached XP level 1. HP: 18/18 MP: 1/1
   118 | D:1      | Reached skill level 1 in Armour
   118 | D:1      | Reached XP level 2. HP: 24/24 MP: 2/2
   255 | D:1      | Reached XP level 3. HP: 18/30 MP: 3/3
   459 | D:1      | Reached skill level 4 in Fighting
   967 | D:2      | Reached XP level 4. HP: 37/37 MP: 4/4
  1079 | D:2      | Found an opulent altar of Gozag.
  1227 | D:2      | Found a stormy altar of Qazlal.
  1581 | D:3      | Noticed Grinder
  1584 | D:3      | Noticed Natasha
  1588 | D:3      | Noticed Jessica
  1597 | D:3      | Killed from afar by Natasha

Skill      XL: |  1  2  3  4 |
---------------+-------------+-----
Armour         | 1 2 3 |  3.0
Fighting       | 4 |  4.7
Long Blades    | |  3.0
Dodging        | |  2.6
Stealth        | |  2.4

Action                   |  1- 3 |  4- 6 || total
-------------------------+-------+-------++-------
Melee: Falchion          |    17 |       ||    17
       Hand axe          |    59 |       ||    59
       Long sword        |     4 |    55 ||    59
 Abil: Dig               |       |     1 ||     1
  Eat: Chunk             |       |     2 ||     2
Armor: Ring mail         |    32 |    14 ||    46
Dodge: Dodged            |    62 |    22 ||    84
       Rpst.: Falchion   |     3 |       ||     3
       Long sword        |     1 |     6 ||     7
